 Dungeon Crawl Stone Soup version 0.28-a0-627-g4e9751bbfc (webtiles) character file.

Game seed: 3222348293482157794

231 Riddle the Shield-Bearer (level 6, -4/46 (49) HPs)
             Began as a Formicid Fighter on Oct 8, 2021.
             Slain by a wight (10 damage)
             ... on level 4 of the Dungeon.
             The game lasted 00:03:15 (2910 turns).

Riddle the Shield-Bearer (Formicid Fighter)         Turns: 2910, Time: 00:03:16

HP:   -4/46 (49)    AC:  9    Str: 23    XL:     6   Next: 24%
MP:   6/6           EV:  8    Int:  7    God:
Gold: 112           SH:  5    Dex: 10    Spells: 5/5 levels left

rFire   . . .      SeeInvis +   a - +0 war axe
rCold   . . .      Faith    .   c - +0 buckler
rNeg    . . .      Spirit   .   o - +0 chain mail
rPois   .          Reflect  .   (helmet unavailable)
rElec   .          Harm     .   (no cloak)
rCorr   .          Rampage  .   (no gloves)
Will    .....                   (no boots)
Stlth   ..........              (no amulet)
HPRegen 0.15/turn               (no ring)
MPRegen 0.10/turn               (no ring)

@: drained
A: permanent stasis, dig shafts and tunnels, antennae 3, four strong arms
a: Dig, Shaft Self


You were on level 4 of the Dungeon.
You visited 1 branch of the dungeon, and saw 4 of its levels.

You collected 112 gold pieces.

Inventory:

Hand Weapons
 a - a +0 war axe (weapon)
Armour
 c - a +0 buckler (worn)
 o - a +0 chain mail (worn)
Scrolls
 b - 3 scrolls of amnesia {unknown}
 f - a scroll of enchant armour {unknown}
 g - 3 scrolls of identify {unknown}
 h - a scroll of vulnerability {unknown}
 i - 3 scrolls of enchant weapon {unknown}
 k - a scroll of holy word {unknown}
 l - a scroll of fog {unknown}
 m - 3 scrolls of teleportation {unknown}
Potions
 d - a potion of might
 e - 2 potions of heal wounds {unknown}
 j - a potion of curing {unknown}
 n - a potion of ambrosia {unknown}
 p - a potion of brilliance {unknown}


   Skills:
 + Level 4.5 Fighting
 + Level 3.4 Axes
 + Level 4.6 Armour
 + Level 5.0 Shields


You had 5 spell levels left.
You didn't know any spells.
Your spell library was empty.

Dungeon Overview and Level Annotations

Branches:
Dungeon (4/15)
 Temple: D:4-7

Altars:
Cheibriados
Dithmenos
Hepliaklqana
Uskayaw


Innate Abilities, Weirdness & Mutations

You cannot be hasted, slowed, berserked, paralysed or teleported.
You can dig through walls and to a lower floor.
You have a pair of large antennae on your head. (SInv)
Your four strong arms can wield two-handed weapons with a shield.


Message History

a +0 dagger; a +0 robe A goblin comes into view.
It is wielding a +0 club.
The goblin shouts!
The wight hits you but does no damage.
Unknown command.
You hit the wight.
The wight is moderately damaged.
The wight hits you with a +5 trident!
Unknown command.
You hit the wight but do no damage.
The wight is moderately damaged.
Unknown command.
Unknown command.
You hit the wight.
The wight is heavily damaged.
You barely miss the wight. The wight barely misses you.
You block the wight's attack. The wight hits you with a +0 dagger.
The wight hits you but does no damage.
Unknown command.
You are too injured to fight recklessly!
Unknown command.
You are too injured to fight recklessly!
Unknown command.
Unknown command.
You are too injured to fight recklessly!
You hit the wight.
The wight is severely damaged.
You hit the wight. The wight hits you with a +0 dagger.
You feel drained. The wight hits you with a +5 trident.
Unknown command.
Unknown command.
You barely miss the wight.
The wight is severely damaged.
You hit the wight. The wight hits you with a +0 dagger.
You feel drained. The wight hits you with a +5 trident!
* * * LOW HITPOINT WARNING * * *
Unknown command.
Unknown command.
The wight hits you from afar with a +5 trident!
You die...

### ### #...#
##z#.....#
##.zg..#
#.@###.#
#..### ##..<#
#.....#
#....#.#
#........
.......#...
...##..#......
...#
#.........


You could see 2 wights and a goblin.

Vanquished Creatures
  A wight (D:4)
  An orc priest (D:3)
  An orc wizard (D:3)
  5 adders (D:3)
  A shadow imp (D:3)
  A worm (D:3)
  2 dart slugs
  An orc (D:3)
  8 ball pythons
  7 bats
  7 endoplasms
  A giant cockroach (D:3)
  A goblin (D:2)
  10 hobgoblins
  A jackal (D:1)
  5 quokkas
  4 frilled lizards
  7 kobolds
  10 rats
74 creatures vanquished.

Vanquished Creatures (others)
  A plant (D:3)
1 creature vanquished.

Grand Total: 75 creatures vanquished

Notes
Turn   | Place    | Note
-------+----------+-------------------------------------------
     0 | D:1      | Riddle the Formicid Fighter began the quest for the Orb.
     0 | D:1      | Reached XP level 1. HP: 18/18 MP: 1/1
   172 | D:1      | Reached XP level 2. HP: 23/24 MP: 2/2
   572 | D:1      | Reached XP level 3. HP: 29/29 MP: 3/3
   584 | D:1      | Found a faded altar of an unknown god.
   625 | D:1      | Reached skill level 4 in Shields
  1149 | D:2      | Found a hide-covered altar of Uskayaw.
  1356 | D:2      | Reached XP level 4. HP: 36/37 MP: 4/4
  2205 | D:3      | Noticed a shadow
  2206 | D:3      | Found a shadowy altar of Dithmenos.
  2211 | D:3      | Found a hazy altar of Hepliaklqana.
  2255 | D:3      | Reached XP level 5. HP: 42/42 MP: 5/5
  2361 | D:3      | Found a snail-covered altar of Cheibriados.
  2903 | D:4      | Reached skill level 5 in Shields
  2903 | D:4      | Reached XP level 6. HP: 45/49 MP: 6/6
  2910 | D:4      | Slain by a wight

Illustrated notes

Levels and vault maps discovered:
D:1:      roderic_dead_forest, layout_loops_cross,
          shapermc_ecumenical_altar_mp_vishouse, chequers_garden,
          minmay_pentomino_p4
D:2:      layout_basic, basic_altar, amcnicky_mini_rare_corridor_liquid
D:3:      layout_loops_cross, riverfiend_overflow_shadow_ancestor,
          kennysheep_slug_shrine, hangedman_decor_growths, corexii_shack
D:4:      layout_cave_pools, minmay_lizard_king

Skill      XL: |  1  2  3  4  5 |
---------------+----------------+-----
Shields        | 4 5 |  5.0
Armour         | 4 |  4.6
Fighting       | 4 |  4.5
Axes           | 3 |  3.4

Action                   |  1- 3 |  4- 6 || total
-------------------------+-------+-------++-------
Melee: War axe           |   141 |   128 ||   269
Armor: Scale mail        |    64 |    52 ||   116
       Chain mail        |       |    13 ||    13
Dodge: Dodged            |    79 |    68 ||   147
Block: Buckler           |    43 |    29 ||    72

Table legend: (Time is in decaauts)
 A = Elapsed time spent in this place.
 B = Non-inter-level travel time spent in this place.
 C = Inter-level travel time spent in this place.
 D = Time resting spent in this place.
 E = Time spent auto-exploring this place.
 F = Levels seen in this place.
 G = Mean time per level.
                   A        B        C        D        E       F      G
               +--------+--------+--------+--------+--------+-----+--------+
         Total |   3015 |   2943 |     72 |    252 |   2066 |   4 |  753.8 |
       Dungeon |   3015 |   2943 |     72 |    252 |   2066 |   4 |  753.8 |
               +--------+--------+--------+--------+--------+-----+--------+

Top non-repeatable levels by time:
     D:3: 1272 daAuts
     D:1: 1078 daAuts
     D:2: 644 daAuts
     D:4: 20 daAuts
